[ AOE2 MATCH · #506684269 ]
UnrankedMaya vs Shu
Player's team · WIN
Rival team · LOSS
[ REPLAY ANALYSIS · EXTRACTED FROM THE RECORDED GAME ]
Feudal
10:33
Castle
19:58
Imperial
34:23
| APM avg | 155.5 |
| APM peak | 334 |
| eAPM avg | 98.2 |
| Villagers / military | 122 / 124 |
Focus
⚔️ 82.4% · 🌾 17.6%
Archer ×67 · Eagle Scout ×38 · Plumed Archer ×5 · Monk ×3 · Militia ×3 · Mangonel ×3
Feudal
8:50
Castle
20:16
Imperial
35:35
| APM avg | 80.3 |
| APM peak | 135 |
| eAPM avg | 50.4 |
| Villagers / military | 151 / 76 |
Focus
⚔️ 66.6% · 🌾 33.4%
Skirmisher ×65 · Unknown (1959) ×45 · Unknown (1942) ×7 · Scout Cavalry ×5 · Archer ×3 · Battering Ram ×2
Match map
Initial resources + every placement click. Lines = walls · curves = elevation contours. ◆ gold · ⬟ stone · ● berries · ✦ relic · ◌ wall gap
Your base· ✓ Closed at 19:58 · 40t walls · no gate
SalzZ_wide's base· Open — opponent sealed themselves in
Smoothed initial terrain · ◌ = detected wall gap · hover for details
Inputs per minute
— DS_StonePleaseAoE - - SalzZ_wide
Build order — DS_StonePleaseAoE
First 150 of 415 actions detected
| 0:00 | Research | Loom |
| 0:02 | Build | House |
| 0:05 | Build | House |
| 0:17 | Queue | Villager (Male) ×3 |
| 1:29 | Queue | Villager (Male) |
| 1:32 | Build | House |
| 2:04 | Queue | Villager (Male) |
| 2:15 | Queue | Villager (Male) |
| 2:15 | Queue | Villager (Male) |
| 2:37 | Build | Lumber Camp |
| 2:54 | Queue | Villager (Male) |
| 2:54 | Queue | Villager (Male) |
| 3:30 | Queue | Villager (Male) |
| 3:31 | Build | House |
| 3:41 | Queue | Villager (Male) |
| 3:41 | Queue | Villager (Male) |
| 4:09 | Queue | Villager (Male) |
| 4:54 | Queue | Villager (Male) |
| 4:57 | Build | Barracks |
| 5:22 | Build | House |
| 5:27 | Queue | Villager (Male) |
| 5:29 | Build | Palisade Wall |
| 5:59 | Queue | Militia |
| 5:59 | Queue | Militia |
| 6:11 | Queue | Villager (Male) |
| 6:26 | Queue | Villager (Male) |
| 6:36 | Queue | Militia |
| 6:44 | Build | House |
| 7:02 | Build | Mill |
| 7:05 | Queue | Villager (Male) |
| 7:21 | Build | Palisade Wall |
| 7:28 | Queue | Villager (Male) |
| 7:55 | Queue | Villager (Male) |
| 8:02 | Build | Palisade Wall |
| 8:06 | Build | House |
| 8:23 | Research | Feudal Age |
| 8:23 | Research | Feudal Age |
| 8:25 | Build | Palisade Wall |
| 8:32 | Build | House |
| 8:35 | Build | Palisade Wall |
| 8:36 | Build | Palisade Wall |
| 8:46 | Build | Palisade Wall |
| 8:56 | Build | Lumber Camp |
| 9:21 | Build | House |
| 9:41 | Build | Mining Camp |
| 9:45 | Queue | Villager (Male) |
| 10:33 | Age | Feudal Age |
| 10:36 | Research | Double-Bit Axe |
| 10:44 | Build | Archery Range |
| 10:47 | Queue | Villager (Male) |
| 11:08 | Queue | Spearman |
| 11:12 | Queue | Villager (Male) |
| 11:31 | Queue | Villager (Male) |
| 11:53 | Queue | Archer |
| 12:00 | Queue | Spearman |
| 12:01 | Queue | Villager (Male) |
| 12:06 | Build | Archery Range |
| 12:14 | Queue | Eagle Scout |
| 12:20 | Research | Man-at-Arms (upgrade) |
| 12:22 | Queue | Villager (Male) |
| 12:34 | Build | House |
| 12:49 | Queue | Archer |
| 12:51 | Queue | Villager (Male) |
| 13:04 | Queue | Villager (Male) |
| 13:04 | Queue | Archer |
| 13:11 | Queue | Villager (Male) |
| 13:14 | Queue | Archer |
| 13:24 | Build | Farm |
| 13:24 | Build | Farm |
| 13:25 | Build | Farm |
| 13:26 | Queue | Archer |
| 13:27 | Queue | Villager (Male) |
| 13:28 | Build | Blacksmith |
| 13:38 | Build | Farm |
| 13:48 | Queue | Archer |
| 13:48 | Queue | Archer |
| 13:53 | Queue | Eagle Scout |
| 13:55 | Queue | Villager (Male) |
| 14:02 | Build | Farm |
| 14:05 | Queue | Archer |
| 14:08 | Build | House |
| 14:12 | Queue | Villager (Male) |
| 14:15 | Queue | Archer |
| 14:19 | Queue | Eagle Scout |
| 14:22 | Research | Fletching |
| 14:23 | Research | Fletching |
| 14:23 | Queue | Villager (Male) |
| 14:30 | Build | House |
| 14:31 | Queue | Archer |
| 14:36 | Build | Farm |
| 14:48 | Queue | Archer |
| 14:48 | Queue | Archer |
| 14:49 | Queue | Villager (Male) |
| 14:57 | Build | House |
| 15:06 | Queue | Archer |
| 15:17 | Queue | Eagle Scout |
| 15:22 | Queue | Villager (Male) |
| 15:24 | Build | Farm |
| 15:48 | Build | Market |
| 15:57 | Queue | Archer |
| 16:02 | Queue | Archer |
| 16:06 | Queue | Villager (Male) |
| 16:33 | Queue | Archer |
| 16:33 | Queue | Archer |
| 16:38 | Build | Farm |
| 17:15 | Build | Farm |
| 17:18 | Research | Castle Age |
| 17:26 | Build | House |
| 17:28 | Queue | Archer |
| 17:28 | Queue | Archer |
| 17:37 | Queue | Archer |
| 17:40 | Queue | Eagle Scout |
| 17:58 | Build | House |
| 18:06 | Research | Horse Collar |
| 18:07 | Build | Mining Camp |
| 18:11 | Queue | Eagle Scout |
| 18:26 | Build | Barracks |
| 18:31 | Queue | Eagle Scout |
| 18:32 | Research | Forging |
| 18:36 | Build | House |
| 18:39 | Queue | Eagle Scout |
| 18:44 | Build | Palisade Wall |
| 19:00 | Build | Farm |
| 19:01 | Build | Farm |
| 19:35 | Queue | Archer |
| 19:36 | Queue | Archer |
| 19:37 | Queue | Eagle Scout |
| 19:45 | Research | Scale Mail Armor |
| 19:48 | Build | Farm |
| 19:50 | Queue | Villager (Male) |
| 19:58 | Queue | Archer |
| 19:58 | Age | Castle Age |
| 20:03 | Research | Crossbowman (upgrade) |
| 20:03 | Research | Crossbowman (upgrade) |
| 20:08 | Queue | Villager (Male) |
| 20:17 | Queue | Villager (Male) |
| 20:22 | Build | Town Center |
| 20:23 | Queue | Eagle Scout |
| 20:23 | Queue | Eagle Scout |
| 20:51 | Queue | Villager (Male) |
| 20:51 | Queue | Villager (Male) |
| 20:55 | Research | Eagle Warrior (upgrade) |
| 20:56 | Research | Eagle Warrior (upgrade) |
| 21:02 | Queue | Villager (Male) |
| 21:16 | Build | Farm |
| 21:17 | Build | Farm |
| 21:18 | Build | Farm |
| 21:27 | Queue | Eagle Scout |
| 21:29 | Queue | Villager (Male) |
| 21:47 | Research | Squires |
Build order — SalzZ_wide
First 150 of 431 actions detected
| 0:00 | Queue | Villager (Male) |
| 0:00 | Queue | Villager (Male) |
| 0:01 | Queue | Villager (Male) |
| 0:01 | Queue | Villager (Male) |
| 0:02 | Build | House |
| 0:03 | Build | House |
| 1:24 | Queue | Villager (Male) |
| 1:50 | Queue | Villager (Male) |
| 2:16 | Queue | Villager (Male) |
| 2:21 | Build | Lumber Camp |
| 2:37 | Queue | Villager (Male) |
| 2:49 | Queue | Villager (Male) |
| 3:19 | Queue | Villager (Male) |
| 3:20 | Queue | Villager (Male) |
| 3:20 | Queue | Villager (Male) |
| 3:48 | Build | House |
| 3:48 | Build | House |
| 3:57 | Queue | Villager (Male) |
| 3:59 | Queue | Villager (Male) |
| 4:20 | Queue | Villager (Male) |
| 4:42 | Queue | Villager (Male) |
| 4:46 | Build | Mill |
| 5:15 | Queue | Villager (Male) |
| 6:08 | Research | Loom |
| 6:26 | Research | Feudal Age |
| 6:48 | Build | Lumber Camp |
| 7:48 | Build | Barracks |
| 7:55 | Queue | Villager (Male) |
| 8:03 | Queue | Villager (Male) |
| 8:14 | Queue | Villager (Male) |
| 8:23 | Queue | Villager (Male) |
| 8:50 | Age | Feudal Age |
| 8:51 | Build | Stable |
| 8:55 | Research | Double-Bit Axe |
| 9:01 | Build | Palisade Wall |
| 9:03 | Build | Palisade Wall |
| 9:06 | Queue | Villager (Male) |
| 9:09 | Build | Palisade Wall |
| 9:14 | Queue | Villager (Male) |
| 9:19 | Build | Palisade Wall |
| 9:21 | Build | Palisade Wall |
| 9:24 | Queue | Villager (Male) |
| 9:33 | Queue | Scout Cavalry |
| 9:34 | Build | Palisade Wall |
| 9:35 | Queue | Villager (Male) |
| 9:44 | Build | House |
| 9:56 | Queue | Scout Cavalry |
| 9:57 | Build | Mining Camp |
| 9:58 | Queue | Villager (Male) |
| 9:59 | Build | House |
| 10:00 | Build | Palisade Wall |
| 10:03 | Queue | Villager (Male) |
| 10:12 | Queue | Villager (Male) |
| 10:18 | Queue | Villager (Male) |
| 10:29 | Build | Archery Range |
| 10:31 | Build | Palisade Wall |
| 10:36 | Queue | Villager (Male) |
| 10:41 | Queue | Villager (Male) |
| 10:47 | Queue | Scout Cavalry |
| 10:49 | Queue | Villager (Male) |
| 10:57 | Queue | Scout Cavalry |
| 11:00 | Research | Horse Collar |
| 11:09 | Build | House |
| 11:14 | Queue | Scout Cavalry |
| 11:23 | Build | House |
| 11:28 | Build | House |
| 11:31 | Queue | Skirmisher |
| 11:32 | Queue | Villager (Male) |
| 11:38 | Build | Farm |
| 12:01 | Queue | Villager (Male) |
| 12:01 | Queue | Villager (Male) |
| 12:02 | Build | Palisade Wall |
| 12:10 | Queue | Skirmisher |
| 12:14 | Build | Palisade Wall |
| 12:16 | Queue | Villager (Male) |
| 12:31 | Build | Palisade Wall |
| 12:32 | Build | Palisade Wall |
| 12:47 | Queue | Villager (Male) |
| 12:48 | Build | Farm |
| 12:54 | Queue | Villager (Male) |
| 12:58 | Queue | Skirmisher |
| 13:08 | Queue | Villager (Male) |
| 13:11 | Build | Palisade Wall |
| 13:22 | Build | Palisade Wall |
| 13:25 | Queue | Villager (Male) |
| 13:27 | Build | Farm |
| 13:28 | Build | Farm |
| 13:30 | Build | Farm |
| 13:35 | Queue | Villager (Male) |
| 13:39 | Build | House |
| 13:44 | Queue | Villager (Male) |
| 13:59 | Build | Farm |
| 14:02 | Queue | Villager (Male) |
| 14:10 | Queue | Villager (Male) |
| 14:17 | Build | Palisade Wall |
| 14:18 | Build | House |
| 14:18 | Build | House |
| 14:22 | Queue | Villager (Male) |
| 14:29 | Queue | Skirmisher |
| 14:30 | Queue | Villager (Male) |
| 14:33 | Build | Farm |
| 14:45 | Build | Farm |
| 14:50 | Queue | Villager (Male) |
| 15:02 | Build | Farm |
| 15:02 | Queue | Villager (Male) |
| 15:04 | Build | Farm |
| 15:08 | Build | Farm |
| 15:13 | Queue | Villager (Male) |
| 15:23 | Build | Farm |
| 15:31 | Queue | Skirmisher |
| 15:32 | Queue | Villager (Male) |
| 15:49 | Build | Farm |
| 15:52 | Build | Farm |
| 16:01 | Queue | Villager (Male) |
| 16:04 | Build | Farm |
| 16:13 | Queue | Skirmisher |
| 16:30 | Queue | Skirmisher |
| 16:33 | Queue | Villager (Male) |
| 16:44 | Build | Blacksmith |
| 17:02 | Queue | Skirmisher |
| 17:02 | Queue | Villager (Male) |
| 17:22 | Build | Farm |
| 17:26 | Build | Farm |
| 17:27 | Build | Farm |
| 17:37 | Research | Castle Age |
| 17:39 | Queue | Skirmisher |
| 17:46 | Queue | Skirmisher |
| 18:02 | Research | Fletching |
| 18:04 | Queue | Skirmisher |
| 18:27 | Research | Padded Archer Armor |
| 18:27 | Queue | Skirmisher |
| 18:30 | Queue | Villager (Male) |
| 19:27 | Queue | Skirmisher |
| 19:39 | Queue | Skirmisher |
| 19:53 | Queue | Skirmisher |
| 20:16 | Age | Castle Age |
| 20:18 | Queue | Skirmisher |
| 20:30 | Queue | Villager (Male) |
| 20:41 | Research | Elite Skirmisher (upgrade) |
| 20:42 | Research | Bodkin Arrow |
| 20:48 | Research | Bow Saw |
| 20:56 | Queue | Villager (Male) |
| 20:57 | Research | Leather Archer Armor |
| 20:58 | Queue | Skirmisher |
| 21:00 | Queue | Villager (Male) |
| 21:05 | Build | Town Center |
| 21:09 | Queue | Skirmisher |
| 21:13 | Queue | Villager (Male) |
| 21:18 | Queue | Villager (Male) |
| 21:22 | Queue | Villager (Male) |
Match timeline
| 4:57 | DS_StonePleaseAoE · first_building Barracks |
| 5:29 | DS_StonePleaseAoE · wall_segment Palisade Wall x9 |
| 7:21 | DS_StonePleaseAoE · wall_segment Palisade Wall x8 |
| 7:48 | SalzZ_wide · first_building Barracks |
| 8:02 | DS_StonePleaseAoE · wall_segment Palisade Wall x7 |
| 8:25 | DS_StonePleaseAoE · wall_segment Palisade Wall x8 |
| 8:35 | DS_StonePleaseAoE · wall_segment Palisade Wall x1 |
| 8:36 | DS_StonePleaseAoE · wall_segment Palisade Wall x1 |
| 8:46 | DS_StonePleaseAoE · wall_segment Palisade Wall x5 |
| 8:50 | SalzZ_wide · age_up feudal |
| 8:51 | SalzZ_wide · first_building Stable |
| 9:01 | SalzZ_wide · wall_segment Palisade Wall x1 |
| 9:03 | SalzZ_wide · wall_segment Palisade Wall x1 |
| 9:09 | SalzZ_wide · wall_segment Palisade Wall x1 |
| 9:19 | SalzZ_wide · wall_segment Palisade Wall x2 |
| 9:21 | SalzZ_wide · wall_segment Palisade Wall x3 |
| 9:34 | SalzZ_wide · wall_segment Palisade Wall x1 |
| 10:00 | SalzZ_wide · wall_segment Palisade Wall x1 |
| 10:29 | SalzZ_wide · first_building Archery Range |
| 10:31 | SalzZ_wide · wall_segment Palisade Wall x1 |
| 10:33 | DS_StonePleaseAoE · age_up feudal |
| 10:44 | DS_StonePleaseAoE · first_building Archery Range |
| 12:02 | SalzZ_wide · wall_segment Palisade Wall x1 |
| 12:14 | SalzZ_wide · wall_segment Palisade Wall x5 |
| 12:31 | SalzZ_wide · wall_segment Palisade Wall x3 |
| 12:32 | SalzZ_wide · wall_segment Palisade Wall x3 |
| 13:11 | SalzZ_wide · wall_segment Palisade Wall x1 |
| 13:22 | SalzZ_wide · wall_segment Palisade Wall x9 |
| 14:17 | SalzZ_wide · wall_segment Palisade Wall x1 |
| 16:44 | DS_StonePleaseAoE · first_market_sell 100 stone |
| 16:45 | DS_StonePleaseAoE · first_market_buy 100 food |
| 18:44 | DS_StonePleaseAoE · wall_segment Palisade Wall x1 |
| 19:58 | DS_StonePleaseAoE · age_up castle |
| 20:16 | SalzZ_wide · age_up castle |
| 24:01 | DS_StonePleaseAoE · first_building Monastery |
| 24:51 | SalzZ_wide · first_building Castle |
| 27:28 | DS_StonePleaseAoE · first_building Siege Workshop |
| 29:20 | SalzZ_wide · wall_segment Stone Wall x9 |
| 30:18 | DS_StonePleaseAoE · wall_segment Stone Wall x1 |
| 30:18 | DS_StonePleaseAoE · wall_segment Stone Wall x1 |
| 32:30 | DS_StonePleaseAoE · first_building Castle |
| 32:30 | SalzZ_wide · wall_segment Stone Wall x6 |
| 32:50 | SalzZ_wide · first_building Siege Workshop |
| 33:03 | DS_StonePleaseAoE · wall_segment Stone Wall x1 |
| 33:23 | SalzZ_wide · first_building Monastery |
| 34:23 | DS_StonePleaseAoE · age_up imperial |
| 35:24 | DS_StonePleaseAoE · wall_segment Stone Wall x4 |
| 35:35 | SalzZ_wide · age_up imperial |
| 36:30 | DS_StonePleaseAoE · wall_segment Stone Wall x1 |
| 36:39 | SalzZ_wide · first_market_sell 500 food |
| 37:04 | DS_StonePleaseAoE · wall_segment Stone Wall x4 |
| 39:46 | SalzZ_wide · first_market_buy 100 stone |
| 39:53 | DS_StonePleaseAoE · wall_segment Stone Wall x11 |
| 39:56 | DS_StonePleaseAoE · wall_segment Stone Wall x7 |
| 39:58 | DS_StonePleaseAoE · wall_segment Stone Wall x9 |
| 40:00 | DS_StonePleaseAoE · wall_segment Stone Wall x7 |
| 40:28 | SalzZ_wide · resign |
[ AI ANALYSIS · 1 CREDIT ]
What really happened in this match?
Wolo.gg analyzes every decision: build order, eco, micro, common mistakes by bracket. Personalized analysis on WhatsApp or Discord in 30 seconds.
Civ guide
Maya
Perfil
StonePlease